 Dungeon Crawl Stone Soup version 0.28-a0-724-g66f9036eb4 (webtiles) character file.

Game seed: 13071889718899762498

0 meatgazer the Skirmisher (level 1, -16/18 HPs)
             Began as a Demonspawn Abyssal Knight on Oct 26, 2021.
             Was a Follower of Lugonu.
             Killed from afar by an ancient lich (34 damage)
             ... with a crystal spear
             ... while petrified by an ancient lich
             ... on level 1 of the Abyss.
             The game lasted 00:00:08 (127 turns).

meatgazer the Skirmisher (Demonspawn Abyssal Knight) Turns: 127, Time: 00:00:08

Health: -16/18     AC:  3    Str: 13    XL:     1   Next: 0%
Magic:  2/2        EV:  2    Int: 11    God:    Lugonu [*.....]
Gold:   7          SH:  0    Dex: 13    Spells: 0/0 levels left

rFire   . . .      SeeInvis .   a - +1 spear
rCold   . . .      Faith    .   (no shield)
rNeg    + + +      Spirit   .   b - +0 leather armour
rPois   ∞          Reflect  .   (no helmet)
rElec   .          Harm     .   (no cloak)
rCorr   .          Rampage  .   (no gloves)
Will    .....                   (no boots)
Stlth   +.........              (no amulet)
HPRegen 0.06/turn               (no ring)
MPRegen 0.08/turn               (no ring)

@: petrified
A: no striking features
a: Renounce Religion, Depart the Abyss


You were on level 1 of the Abyss.
You worshipped Lugonu.
Lugonu was aware of your devotion.
You visited 0 branches of the dungeon, and saw 0 of its levels.
You visited the Abyss 1 time.

You collected 7 gold pieces.

Inventory:

Hand Weapons
 a - a +1 spear (weapon)
Armour
 b - a +0 leather armour (worn)


   Skills:
 + Level 3.0 Fighting
 + Level 1.7 Polearms
 + Level 1.7 Armour
 + Level 0.8 Dodging
 + Level 2.4 Invocations


You couldn't memorise any spells.
You didn't know any spells.
Your spell library was empty.

Dungeon Overview and Level Annotations

Branches:
Dungeon (0/15)

Altars:


Message History

Welcome, meatgazer the Demonspawn Abyssal Knight.
Everyone else who sought the Orb of Zot has failed.
Will you be different?
Lugonu says: Depart the Abyss and spread corruption, my servant! (use the ability menu to exit the Abyss) Press ? for a list of commands and other information.
Found a corrupted altar of Lugonu.
You now have 7 gold pieces.
There is a corrupted altar of Lugonu here.
Found a gateway leading out of the Abyss.
There is a gateway leading out of the Abyss here.
Found a corrupted altar of Lugonu.
There is a corrupted altar of Lugonu here.
An ancient lich comes into view.
Found 11 gold pieces.
The ancient lich casts a spell at you.
You are slowing down.
A tentacled starspawn comes into view.
Tentacles burst from the starspawn's body!
Your limbs are stiffening. 2 starspawn tentacles come into view.
You have turned to stone.
The ancient lich casts a spell at you.
The ancient lich points at you and mumbles some strange words.
The crystal spear hits you!!!
Ouch! That really hurt!
You die...

.........# .# #
#.##.# . .#
≈≈### ##L..# ##
...# ≈≈≈≈≈## #
#. #.## ...#
.......##..#.
#..... .
..........##.#.
#. # #
.......L####
.#. ## .
$.....#..#
#.#.##.. ..#
.......@.#
##.#..#..##
##....#..#
#.#.##.#. .
##...X.#.# # .
.. ####
#....#..# #. ..
### .'.#.. ..8
## #.#.#..
..#...# ..##
#... ...# .
#... .. ### ##
# #... ..#
.##.# # #.


You could see an ancient lich and a tentacled starspawn.

Vanquished Creatures (others)
  2 starspawn tentacles (Abyss:1)
2 creatures vanquished.

Notes
Turn   | Place    | Note
-------+----------+-------------------------------------------
     0 | Abyss:1  | meatgazer the Demonspawn Abyssal Knight began the quest for
                  | the Orb.
     0 | Abyss:1  | Reached XP level 1. HP: 18/18 MP: 2/2
    11 | Abyss:1  | Found a corrupted altar of Lugonu.
    42 | Abyss:1  | Found a corrupted altar of Lugonu.
   119 | Abyss:1  | Noticed an ancient lich
   121 | Abyss:1  | Noticed a tentacled starspawn
   127 | Abyss:1  | Killed from afar by an ancient lich

Illustrated notes

Levels and vault maps discovered:
Abyss:1:  base: Temple, base:
Temple

Table legend: (Time is in decaauts)
 A = Elapsed time spent in this place.
 B = Non-inter-level travel time spent in this place.
 C = Inter-level travel time spent in this place.
 D = Time resting spent in this place.
 E = Time spent auto-exploring this place.
 F = Levels seen in this place.
 G = Mean time per level.
                   A        B        C        D        E       F      G
               +--------+--------+--------+--------+--------+-----+--------+
         Total |    128 |    128 |      0 |      0 |    117 |   1 |  128.0 |
         Abyss |    128 |    128 |      0 |      0 |    117 |   1 |  128.0 |
               +--------+--------+--------+--------+--------+-----+--------+

Top non-repeatable levels by time:
 Abyss:1: 128 daAuts
